 Seeded DCSS version 0.30.1-11-g7821555f0a (webtiles) character file.

Game seed: 5 (custom seed)

275888 Kazon the Severer (level 19, -5/159 HPs)
             Began as a Demonspawn Gladiator on Jan 8, 2024.
             Was the Champion of Makhleb.
             Killed by vampiric draining
             ... invoked by Jory
              (20 damage)
             ... on level 2 of the Vaults on Jan 11, 2024.
             The game lasted 04:50:39 (32393 turns).

Kazon the Severer (Demonspawn Gladiator)           Turns: 32393, Time: 04:50:39

Health: -5/159     AC: 48    Str: 29    XL:     19   Next: 56%
Magic:  31/31      EV:  7    Int: 16    God:    Makhleb [******]
Gold:   2550       SH: 18    Dex: 12    Spells: 18/18 levels left

rFire   + + .        s - +3 spear of the Firefly {drain, Fly rF+}
rCold   + + +        c - +5 kite shield {reflect}
rNeg    . . .        W - +11 crystal plate armour of Festooned Birdsong {-Tele Drain rC+++ Str+3 SInv}
rPois   +            (helmet unavailable)
rElec   .            g - scarf {rC+ rF+}
rCorr   .            D - +2 pair of gloves {Str+3}
SInv    +            o - +0 pair of boots "Duocaba" {Contam rPois Int+7 Dex-3}
Will    +....        T - amulet of regeneration Stlth
                     r - ring of the Tortoise {AC+8}
HPRegen 1.26/turn    F - +4 ring of slaying
MPRegen 0.22/turn

%: no teleportation, reflection
@: marked, flying, mesmerised
A: antennae 3, rugged brown scales 3, powered by death 2, black mark, demonic
magic 1, bedeviling
}: 2/15 runes: decaying, serpentine
a: Renounce Religion, Minor Destruction, Lesser Servant of Makhleb, Major
Destruction, Greater Servant of Makhleb


You were on level 2 of the Vaults.
You worshipped Makhleb.
Makhleb was exalted by your worship.
You visited 7 branches of the dungeon, and saw 33 of its levels.
You also visited: Ossuary, Gauntlet and Ice Cave.

You collected 4047 gold pieces.
You spent 1497 gold pieces at shops.

Inventory:

Hand Weapons
 e - a +2 broad axe of electrocution
 f - a +1 hand axe of flaming
 q - a +6 broad axe of venom
 s - the +3 spear of the Firefly (weapon) {drain, Fly rF+}
   (You bought it in a shop on level 1 of the Snake Pit)

   rF:        It protects you from fire.
   Fly:       It grants you flight.
 v - a +4 vampiric war axe
 w - the +10 dagger of the Lame Duck {freeze, rElec rPois rC+ MP-9}
   (You found it on level 1 of the Vaults)

   rC:        It protects you from cold.
   rElec:     It insulates you from electricity.
   rPois:     It protects you from poison.
   MP:        It affects your magic capacity (-9).
Missiles
 d - 4 throwing nets
 k - 14 boomerangs (quivered)
 p - 5 curare-tipped darts
 C - 3 boomerangs of dispersal
 G - 15 poisoned darts
 K - 4 silver boomerangs
 X - 5 javelins
Armour
 c - a +5 kite shield of reflection (worn)
 g - a scarf of resistance (worn)
 o - the +0 pair of boots "Duocaba" (worn) {Contam rPois Int+7 Dex-3}
   (You found it in a Gauntlet)

   Int:       It affects your intelligence (+7).
   Dex:       It affects your dexterity (-3).
   rPois:     It protects you from poison.
   Contam:    It causes magical contamination when unequipped.
 D - a +2 pair of gloves of strength (worn)
 W - the +11 crystal plate armour of Festooned Birdsong (worn) {-Tele Drain rC+++ Str+3 SInv}
   (You acquired it on level 1 of the Dungeon)

   Str:       It affects your strength (+3).
   rC:        It renders you almost immune to cold.
   SInv:      It lets you see invisible.
   -Tele:     It prevents most forms of teleportation.
   Drain:     It drains your maximum health when unequipped.
Jewellery
 r - the ring of the Tortoise (left hand) {AC+8}
   (You found it in an ice cave)

   [ring of protection]

   AC:        It affects your AC (+8).
 x - a ring of resist corrosion
 F - a +4 ring of slaying (right hand)
 T - an amulet of regeneration (around neck)
 Z - a ring of protection from fire
Wands
 j - a wand of paralysis (45)
 A - a wand of polymorph (2)
 H - a wand of mindburst (19)
 L - a wand of light (22)
 P - a wand of flame (3)
 Q - a wand of digging (7)
 Y - a wand of iceblast (17)
Scrolls
 b - 7 scrolls of magic mapping
 z - 7 scrolls of fog
 E - a scroll of poison
 N - a scroll of summoning
 R - 6 scrolls of fear
 S - a scroll of brand weapon
 V - a scroll of silence
Potions
 a - a potion of ambrosia
 h - 8 potions of heal wounds
 i - 5 potions of invisibility
 l - 9 potions of curing
 m - 3 potions of mutation
 n - 4 potions of berserk rage
 t - 3 potions of might
 u - 3 potions of resistance
 B - 3 potions of lignification
 I - 3 potions of haste
 O - 2 potions of cancellation
Miscellaneous
 y - a tin of tremorstones (2/2)
 J - a lightning rod (2/4)
 M - a phantom mirror
 U - a phial of floods (inert)


   Skills:
 + Level 13.1 Fighting
 * Level 2.5 Short Blades
 + Level 16.8(17.7) Axes
 + Level 7.9(13.4) Maces & Flails
 + Level 4.8(12.0) Polearms
 + Level 3.5 Ranged Weapons
 + Level 7.6 Throwing
 + Level 11.3 Armour
 + Level 4.2 Dodging
 + Level 5.5 Stealth
 + Level 15.7 Shields
 + Level 16.4 Invocations
 + Level 7.3 Evocations


You had 18 spell levels left.
You didn't know any spells.
Your spell library contained the following spells:

 Spells                   Type           Power      Damage    Failure   Level
 Beastly Appendage        Tmut           0%         N/A       100%        1
 Foxfire                  Conj/Fire      0%         2x1d4     100%        1
 Necrotise                Necr           0%         1d4       100%        1
 Sting                    Tmut/Pois      0%         1d3       100%        1
 Summon Small Mammal      Summ           0%         N/A       100%        1
 Blink                    Tloc           0%         N/A       100%        2
 Ensorcelled Hibernation  Hex/Ice        0%         N/A       100%        2
 Lesser Beckoning         Tloc           0%         N/A       100%        2
 Passwall                 Tmut/Erth      0%         N/A       100%        2
 Static Discharge         Conj/Air       0%         2-2/arc   100%        2
 Wereblood                Tmut           0%         N/A       100%        2
 Call Canine Familiar     Summ           0%         N/A       100%        3
 Frozen Ramparts          Ice            0%         1d1       100%        3
 Hailstorm                Conj/Ice       0%         3d3       100%        3
 Ignite Poison            Fire/Tmut/Pois 0%         N/A       100%        3
 Spider Form              Tmut/Pois      0%         N/A       100%        3
 Summon Guardian Golem    Hex/Summ       0%         N/A       100%        3
 Swiftness                Air            0%         N/A       100%        3
 Vampiric Draining        Necr           0%         2d6       100%        3
 Airstrike                Air            0%         2d(0-16)  100%        4
 Cause Fear               Hex            0%         N/A       100%        4
 Ice Form                 Ice/Tmut       0%         N/A       100%        4
 Leda's Liquefaction      Hex/Erth       0%         N/A       100%        4
 Manifold Assault         Tloc           0%         N/A       100%        4
 Sticky Flame             Conj/Fire      0%         2d3       100%        4
 Summon Ice Beast         Ice/Summ       0%         N/A       100%        4
 Summon Lightning Spire   Summ/Air       0%         N/A       100%        4
 Agony                    Necr           0%         N/A       100%        5
 Alistair's Intoxication  Tmut/Pois      0%         N/A       100%        5
 Blade Hands              Tmut           0%         N/A       100%        5
 Borgnjor's Vile Clutch   Necr/Erth      0%         N/A       100%        5
 Fireball                 Conj/Fire      0%         3d3       100%        5
 Iskenderun's Battlesphe  Conj           0%         2d6       100%        5
 Lee's Rapid Deconstruct  Erth           0%         3d4*      100%        5
 Summon Forest            Summ/Tloc      0%         N/A       100%        5
 Conjure Ball Lightning   Conj/Air       0%         3x3d6     100%        6
 Eringya's Noxious Bog    Tmut/Pois      0%         N/A       100%        6
 Iron Shot                Conj/Erth      0%         9d1       100%        6
 Plasma Beam              Fire/Air       0%         2x1d11    100%        6
 Simulacrum               Ice/Necr       0%         N/A       100%        6
 Starburst                Conj/Fire      0%         6d3       100%        6
 Statue Form              Tmut/Erth      0%         N/A       100%        6
 Enfeeble                 Hex            0%         N/A       100%        7
 Malign Gateway           Summ/Tloc      0%         N/A       100%        7
 Spellforged Servitor     Conj/Summ      0%         N/A       100%        7
 Storm Form               Tmut/Air       0%         N/A       100%        7
 Summon Hydra             Summ           0%         N/A       100%        7
 Discord                  Hex            0%         N/A       100%        8
 Disjunction              Tloc           0%         N/A       100%        8
 Ignition                 Fire           0%         3d3       100%        8


Dungeon Overview and Level Annotations

Branches:
Dungeon (15/15)            Temple (1/1) D:4            Lair (5/5) D:8
  Swamp (4/4) Lair:3        Snake (4/4) Lair:3        Slime (0/5) Lair:5
    Orc (2/2) D:11            Elf (0/3) Orc:2        Vaults (2/5) D:13
  Crypt (0/3) Vaults:2    Ossuary (visited)           IceCv (visited)
Gauntlet (visited)
 Depths: D:15

Altars:
Ashenzari
Dithmenos
Fedhas
Gozag
Hepliaklqana
Kikubaaqudgha
Makhleb
Okawaru
Qazlal
Ru
Sif Muna
Uskayaw
Vehumet
Wu Jian
Xom
Yredelemnul

Shops:
D:8 *   Orc:2 [(**   Snake:1 (![   Snake:4 ::=?

Portals:
Abyss: Swamp:3

Annotations:
D:15 2 transporters, Taul's ghost, journeyman MiFi
Swamp:2 2 transporters, exclusion: orange crystal statue
Swamp:3 2 transporters, Exa Ohi's ghost, adept DjCj
Snake:3 1 runed translucent door
Vaults:2 3 runed translucent doors, Jory


Innate Abilities, Weirdness & Mutations

You have a pair of large antennae on your head. (SInv)
You are completely covered in rugged brown scales. (AC +3, +7% HP)
You regenerate health from kills.
Your melee attacks may debilitate your foes.
Spells you cast may paralyse adjacent enemies.
Your hexes are more powerful.


Message History

Jory is healed by the life force!
You barely miss Jory.
Jory is almost destroyed.
Aiming: Minor Destruction (0% risk of failure)
Press: ? - help, Shift-Dir - straight line, f/p - Jory
Aim: Jory, wielding a +0 great sword and wearing a +0 plate armour (almost destroyed, mesmerising, weak)
The puff of flame hits Jory.
Jory is almost destroyed.
You block Jory's attack. x2
You slice Jory!!
Jory is almost destroyed.
Jory hits you but does no damage. Jory bites you but does no damage.
You hit Jory but do no damage.
Jory is almost destroyed.
You block Jory's attack. Jory bites you but does no damage.
You hit Jory but do no damage.
Jory is almost destroyed.
Jory is no longer weakened.
Jory casts a spell at you.
The crystal spear hits you but does no damage.
You hit Jory but do no damage.
Jory is almost destroyed.
You hit Jory but do no damage.
Jory is almost destroyed.
Jory stares carefully at you. Jory hits you but does no damage. Jory bites you.
* * * LOW HITPOINT WARNING * * *
Jory draws strength from your injuries!
You feel the dreadful sensation subside.
You fly up into the air.
You sense an unholy aura.
s - the +3 spear of the Firefly (weapon)
{drain, Fly rF+} You hit Jory but do no damage.
Jory is almost destroyed.
Jory draws life force from you!!
* * * LOW HITPOINT WARNING * * *
Jory is healed by the life force!
You hit Jory.
Jory looks weaker.
Jory is almost destroyed.
Jory draws life force from you!!
You die...

#............)#......
#.........).))#......
...........[.+......
###.....#####......
#.....# #......
##...## #######
#####'### #.
#...#...# ##
#..@....# # #..V)...#
# #.)##.#.# #
#..~....'. #
#..~....#... #
#.......#### #
#####'#'# ...# p.


You could see Jory (mesmerising, weak).

Vanquished Creatures
  Nikola (Snake:1)
  A bone dragon (Swamp:4)
  A lich (Vaults:1)
  Rupert (D:12)
  A tentacled monstrosity (Swamp:4)
  2 thorn hunters
  Kirke (Swamp:1)
  A tengu reaver (Vaults:1)
  A fenstrider witch (Swamp:3)
  The ghost of Fuupadyt the Cleaver, a journeyman DsFi of Makhleb (D:14)
  7 nagarajas (Snake:4)
  4 vault wardens
  An orc warlord (Vaults:1)
  2 ironbound thunderhulks
  8 ironbound preservers
  A war gargoyle (Vaults:2)
  3 very ugly things (Vaults:1)
  4 eleionomae
  A white draconian (IceCv)
  3 bunyips (Swamp:2)
  A minotaur (Gauntlet)
  5 dire elephants
  Snorg (D:10)
  Josephine (Orc:1)
  An entropy weaver (Vaults:1)
  3 yaktaur captains
  3 great orbs of eyes
  4 ghost crabs
  A vault guard (Vaults:1)
  4 ironbound frosthearts
  A peacekeeper (Vaults:2)
  A rakshasa (D:14)
  14 hydras
  5 ogre magi
  8 centaur warriors
  2 death knights
  13 two-headed ogres
  10 anacondas
  24 naga warriors
  6 boulder beetles
  8 alligators
  3 tengu warriors
  14 naga sharpshooters
  8 shock serpents
  2 skeletal warriors
  A skyshark (Lair:4)
  A fire crab (shapeshifter) (D:14)
  5 salamander mystics
  13 deep trolls
  A death drake (Swamp:4)
  3 swamp dragons
  6 goliath frogs
  4 bog bodies
  11 sea snakes (Snake:4)
  3 spriggan druids
  A spectral hydra (Swamp:4)
  8 naga ritualists
  A wizard (Vaults:1)
  2 lindwurms (Vaults:1)
  A phantasmal warrior (D:15)
  5 ironbound convokers
  2 orc knights
  14 mana vipers
  An orc sorcerer (Orc:1)
  5 deep elf pyromancers
  14 ugly things
  A mana viper (shapeshifter) (Vaults:2)
  4 manticores
  4 cyclopes
  2 will-o-the-wisps
  18 salamanders
  14 elephants
  Maurice (D:9)
  7 vault sentinels
  19 naga magi
  7 guardian serpents
  37 black mambas
  13 cane toads
  An orange demon (Lair:2)
  4 gargoyles
  An eye of devastation (shapeshifter) (D:12)
  An unseen horror (D:10)
  10 komodo dragons
  6 yaktaurs
  2 swamp worm zombies (Swamp:4)
  4 rime drakes (IceCv)
  A freezing wraith (D:15)
  3 tengu conjurers
  A hydra zombie (Swamp:4)
  A meliai (shapeshifter) (D:14)
  6 meliai
  8 polar bears
  5 trolls
  6 tyrant leeches
  18 hornets
  4 alligator zombies (Swamp:4)
  A dream sheep (Lair:5)
  5 blink frogs
  11 slime creatures
  4 shadows
  23 spriggans
  Sigmund (D:4)
  3 vampires
  A water elemental (D:12)
  6 wraiths
  7 wyverns
  A hog (Swamp:1)
  6 basilisks
  26 yaks
  A human (shapeshifter) (D:14)
  2 steam dragons (Lair:2)
  4 vampire mosquitoes
  2 wargs
  57 nagas
  12 swamp worms
  An acid dragon (D:13)
  Duvessa (D:6)
  16 water moccasins
  A sky beast (shapeshifter) (D:15)
  2 swamp drakes
  9 orc warriors
  A sky beast (D:7)
  7 black bears
  9 centaurs
  2 swamp dragon zombies (Swamp:4)
  28 ogres
  43 wolves
  14 boggarts
  5 phantoms
  An elf zombie (Ossuary)
  3 kobold brigands
  6 bullfrogs
  A gnoll sergeant (D:8)
  3 scorpions
  12 killer bees
  A troll zombie (D:11)
  21 wights
  Dowan (D:6)
  4 lindwurm simulacra (IceCv)
  5 howler monkeys
  A vampire bat (D:7)
  2 electric eels
  3 komodo dragon simulacra (IceCv)
  6 hounds
  A wyvern simulacrum (D:8)
  A centaur zombie (Ossuary)
  17 orc priests
  3 human zombies (Ossuary)
  A jelly (D:5)
  6 iguanas
  19 orc wizards
  11 ogre zombies
  A centaur simulacrum (D:8)
  7 mummies (Ossuary)
  15 gnolls
  A swamp drake zombie (Swamp:4)
  5 acid dragon simulacra (IceCv)
  9 adders
  A shadow imp (D:8)
  13 white imps
  2 ufetubi
  9 steam dragon simulacra (IceCv)
  A worm zombie (D:7)
  2 adder zombies (Ossuary)
  3 worms
  53 orcs
  12 bats
  9 endoplasms
  A giant cockroach (D:1)
  12 goblins
  7 hobgoblins
  11 jackals
  22 kobolds
  3 quokkas (D:4)
  6 ball pythons
  3 frilled lizards
  A goblin skeleton (D:11)
  7 goblin zombies
  2 hobgoblin skeletons (D:11)
  10 hobgoblin zombies
  3 kobold zombies
  15 orc zombies (D:11)
  4 quokka zombies (Ossuary)
  4 rats
  4 rat zombies (Ossuary)
1198 creatures vanquished.

Vanquished Creatures (collateral kills)
  Frances (Swamp:1)
  Donald (Snake:1)
  A nagaraja (Snake:3)
  A fenstrider witch (Swamp:2)
  A bunyip (Swamp:4)
  An eleionoma (Swamp:2)
  A great orb of eyes (Gauntlet)
  A shambling mangrove (Swamp:2)
  4 vault guards (D:13)
  A hydra (Lair:5)
  An anaconda (Snake:1)
  A dancing weapon (D:14)
  2 naga warriors (Snake:2)
  3 death yaks (Lair:2)
  Amaemon (Lair:2)
  A spriggan druid (Swamp:1)
  2 skeletal warriors (D:14)
  A goliath frog (Swamp:4)
  A naga ritualist (Snake:2)
  3 spectral hydras (Swamp:4)
  A phantasmal warrior (Swamp:4)
  2 mana vipers
  5 ugly things
  2 salamanders (Snake:1)
  A cyclops (D:13)
  2 black mambas (Snake:1)
  A vault sentinel (Vaults:1)
  A guardian serpent (Snake:1)
  3 naga magi
  2 cane toads
  An efreet (D:13)
  A yaktaur (shapeshifter) (D:13)
  A tengu conjurer (Vaults:1)
  A hydra zombie (Swamp:4)
  A tyrant leech (Swamp:4)
  A hornet (Swamp:1)
  A spectral swamp dragon (Swamp:4)
  An alligator zombie (Swamp:4)
  A jumping spider (shapeshifter) (D:13)
  A spriggan (Swamp:1)
  A vampire (D:10)
  A wyvern (Lair:3)
  A yak (Lair:1)
  2 basilisks
  2 hogs (Swamp:1)
  A steam dragon (D:8)
  2 nagas
  2 water moccasins (Lair:3)
  An ice beast (D:8)
  2 swamp dragon zombies (Swamp:4)
  3 wolves
  3 phantoms (Swamp:4)
  6 bullfrogs
  2 wights (D:10)
  An electric eel (Lair:2)
  An orc priest (D:10)
  A spectral swamp drake (Swamp:4)
  An orc wizard (D:10)
  A swamp drake zombie (Swamp:4)
  3 orcs (D:10)
96 creatures vanquished.

Vanquished Creatures (others)
  An alligator (Swamp:3)
  A naga sharpshooter (Snake:2)
  A bloated husk (Swamp:4)
  6 foxfires (Swamp:1)
9 creatures vanquished.

Grand Total: 1303 creatures vanquished

Notes
Turn   | Place    | Note
-------+----------+-------------------------------------------
     0 | D:1      | Kazon the Demonspawn Gladiator began the quest for the Orb.
     0 | D:1      | Reached XP level 1. HP: 16/16 MP: 1/1
    58 | D:1      | Identified a scroll of acquirement
    58 | D:1      | Acquired the +11 crystal plate armour of Festooned Birdsong
                  | {-Tele Drain rC+++ Str+3 SInv}
   101 | D:1      | Gained mutation: You have a pair of small antennae on your
                  | head. [demonic ancestry]
   101 | D:1      | Reached XP level 2. HP: 22/22 MP: 2/2
   595 | D:1      | Gained mutation: You are partially covered in rugged brown
                  | scales. (AC +1, +3% HP) [demonic ancestry]
   595 | D:1      | Reached XP level 3. HP: 23/28 MP: 3/3
  1116 | D:2      | Reached XP level 4. HP: 33/35 MP: 4/4
  1380 | D:2      | Reached skill level 1 in Shields
  1476 | D:2      | Reached skill level 1 in Axes
  1674 | D:3      | Found a blossoming altar of Fedhas.
  1692 | D:3      | Reached skill level 1 in Armour
  1775 | D:3      | Found a stormy altar of Qazlal.
  1871 | D:3      | Found a faded altar of an unknown god.
  2060 | D:3      | Identified the +2 sling "Qeuhanocyt" {speed, rElec Str-3
                  | Dex+2}
  2128 | D:4      | Found a staircase to the Ecumenical Temple.
  2136 | Temple   | Entered the Ecumenical Temple
  2152 | Temple   | Became a worshipper of Makhleb the Destroyer
  2225 | D:4      | Noticed a black bear
  2247 | D:4      | Killed a black bear
  2248 | D:4      | Reached skill level 1 in Invocations
  2248 | D:4      | Gained mutation: You regenerate a little health from kills.
                  | [demonic ancestry]
  2248 | D:4      | Reached XP level 5. HP: 24/40 MP: 5/5
  2258 | D:4      | Found a hazy altar of Hepliaklqana.
  2260 | D:4      | Found a shadowy altar of Dithmenos.
  2260 | D:4      | Noticed a shadow
  2630 | D:4      | Gained mutation: You have a pair of antennae on your head.
                  | [demonic ancestry]
  2630 | D:4      | Reached XP level 6. HP: 47/47 MP: 7/7
  2743 | D:4      | Noticed Sigmund
  2769 | D:4      | Killed Sigmund
  2770 | D:4      | Reached skill level 1 in Evocations
  2824 | D:4      | Gained mutation: You have a pair of large antennae on your
                  | head. (SInv) [demonic ancestry]
  2824 | D:4      | Reached XP level 7. HP: 53/53 MP: 9/9
  2966 | D:5      | Entered Level 5 of the Dungeon
  3145 | D:5      | Reached * piety under Makhleb
  3510 | D:6      | Noticed Dowan
  3511 | D:6      | Noticed Duvessa
  3533 | D:6      | Killed Duvessa
  3534 | D:6      | Gained mutation: You regenerate health from kills. [demonic
                  | ancestry]
  3534 | D:6      | Reached XP level 8. HP: 59/59 MP: 10/10
  3546 | D:6      | Killed Dowan
  3697 | D:6      | Found a shimmering altar of Xom.
  3801 | D:6      | Reached skill level 1 in Ranged Weapons
  3934 | D:6      | Reached ** piety under Makhleb
  4124 | D:7      | Reached skill level 5 in Invocations
  4183 | D:7      | Reached XP level 9. HP: 62/64 MP: 12/12
  4208 | D:7      | Found a sand-covered staircase.
  4229 | Ossuary  | Entered an ossuary
  4354 | Ossuary  | Reached *** piety under Makhleb
  4791 | D:7      | Noticed a two-headed ogre
  4823 | D:7      | Killed a two-headed ogre
  4824 | D:7      | Reached skill level 5 in Axes
  4824 | D:7      | Reached skill level 5 in Shields
  4993 | D:7      | Reached **** piety under Makhleb
  5448 | D:7      | Reached skill level 5 in Evocations
  5448 | D:7      | Reached XP level 10. HP: 73/73 MP: 15/15
  6282 | D:8      | Reached skill level 5 in Armour
  6547 | D:8      | Found a staircase to the Lair.
  6767 | D:8      | Found Izo Qiri's Assorted Antiques.
  6776 | D:8      | Bought a scroll labelled JIYFIZX FOFUA for 29 gold pieces
  6776 | D:8      | Bought a sedimented brown potion for 26 gold pieces
  6776 | D:8      | Bought a curved iron wand for 116 gold pieces
  7033 | D:9      | Reached skill level 5 in Fighting
  7069 | D:9      | Reached ***** piety under Makhleb
  7251 | D:9      | Noticed Maurice
  7308 | D:9      | Killed Maurice
  7309 | D:9      | Reached XP level 11. HP: 81/81 MP: 17/17
  7986 | D:10     | Entered Level 10 of the Dungeon
  8007 | D:10     | Noticed a two-headed ogre
  8031 | D:10     | Killed a two-headed ogre
  8447 | D:10     | Noticed Snorg
  8461 | D:10     | Killed Snorg
  8658 | D:10     | Found a shimmering blue altar of Sif Muna.
  8829 | Lair:1   | Entered Level 1 of the Lair of Beasts
  9276 | Lair:1   | Gained mutation: Spells you cast may paralyse adjacent
                  | enemies. [demonic ancestry]
  9276 | Lair:1   | Reached XP level 12. HP: 88/91 MP: 19/19
  9331 | Lair:1   | Reached skill level 10 in Invocations
  9504 | Lair:2   | Noticed Amaemon
  9524 | Lair:2   | Killed Amaemon
  9544 | Lair:2   | Noticed a death yak
  9545 | Lair:2   | Noticed a death yak
  9546 | Lair:2   | Noticed a death yak
  9553 | Lair:2   | Killed a death yak
  9554 | Lair:2   | Killed a death yak
  9557 | Lair:2   | Killed a death yak
  9843 | Lair:2   | Found an ornate altar of the Wu Jian Council.
  9895 | Lair:2   | Noticed a five-headed hydra
  9902 | Lair:2   | Killed a three-headed hydra
 10109 | Lair:2   | Reached skill level 1 in Maces & Flails
 10311 | Lair:3   | Found a staircase to the Swamp.
 10313 | Lair:3   | Found the +10 zealot's sword {holy, Zealotry, *Rage rN+
                  | EV+3}
 10442 | Lair:3   | Found a staircase to the Snake Pit.
 10751 | Lair:3   | Noticed a boulder beetle
 10767 | Lair:3   | Killed a boulder beetle
 11427 | Lair:4   | Gained mutation: Your hexes are more powerful. [demonic
                  | ancestry]
 11427 | Lair:4   | Reached XP level 13. HP: 98/98 MP: 21/21
 12220 | Lair:5   | Entered Level 5 of the Lair of Beasts
 12509 | Lair:5   | Reached skill level 10 in Shields
 12511 | Lair:5   | Reached ****** piety under Makhleb
 12622 | Lair:5   | Found a staircase to the Slime Pits.
 12773 | Lair:5   | Reached skill level 5 in Maces & Flails
 12778 | Lair:5   | Paralysed by a hornet for 2 turns
 12940 | Lair:5   | Reached XP level 14. HP: 108/108 MP: 23/23
 12965 | Lair:5   | Reached skill level 10 in Axes
 13668 | D:11     | Found a staircase to the Orcish Mines.
 14738 | D:12     | Found a frozen archway.
 14770 | IceCv    | Entered an ice cave
 14834 | IceCv    | Found the ring of the Tortoise {AC+8}
 15076 | IceCv    | Identified the ring of Omumul {*Corrode rC+ Int+5 Dex+2
                  | Stlth+}
 15512 | D:12     | Noticed Rupert
 15540 | D:12     | Paralysed by Rupert for 2 turns
 15545 | D:12     | Killed Rupert
 16291 | D:13     | Got the Verses on Mutagenic Frost
 16435 | D:13     | Found a gate to the Vaults.
 16557 | D:13     | Identified the +1 robe of the Marlin {-Tele rN+ Dex+3}
 16923 | D:14     | Found a runed translucent door.
 16924 | D:14     | Found a shimmering altar of Xom.
 16924 | D:14     | Noticed Fuupadyt's ghost (journeyman DsFi)
 17054 | D:14     | Killed Fuupadyt's ghost
 17055 | D:14     | Gained mutation: Your melee attacks may debilitate your
                  | foes. [demonic ancestry]
 17055 | D:14     | Reached XP level 15. HP: 53/116 MP: 14/24
 17151 | Orc:1    | Entered Level 1 of the Orcish Mines
 17430 | Orc:2    | Entered Level 2 of the Orcish Mines
 17430 | Orc:2    | Noticed Josephine
 17631 | Orc:1    | Killed Josephine
 17898 | Orc:2    | Reached skill level 5 in Throwing
 17985 | Orc:2    | Found a staircase to the Elven Halls.
 18002 | Orc:2    | Paralysed by an ogre mage for 3 turns
 18128 | Orc:2    | Found Itoejit's Antique Weapon Shop.
 18128 | Orc:2    | Found Jigu's Antique Armour Emporium.
 18130 | Orc:2    | Found Lifoc's Assorted Antiques.
 18130 | Orc:2    | Found Fiots's General Store.
 18157 | Orc:2    | Bought a pair of glowing gloves for 187 gold pieces
 18167 | Orc:2    | Bought a scroll of magic mapping for 112 gold pieces
 18168 | Orc:2    | Bought a scroll labelled FOQEFA DOBLIOG for 41 gold pieces
 18168 | Orc:2    | Bought an inky potion for 36 gold pieces
 18176 | Orc:2    | Bought a scroll of enchant weapon for 112 gold pieces
 18176 | Orc:2    | Bought a scroll of enchant weapon for 112 gold pieces
 18694 | Snake:1  | Entered Level 1 of the Snake Pit
 18718 | Snake:1  | Identified the ring of Enowk {Ice Int+5}
 19082 | Snake:1  | Noticed Nikola
 19092 | Snake:1  | Noticed Donald
 19094 | Snake:1  | Killed Nikola
 19103 | Snake:1  | Killed Donald
 19104 | Snake:1  | Reached skill level 5 in Stealth
 19140 | Snake:1  | Found Suyxaint's Antique Weapon Shoppe.
 19310 | Snake:1  | Found Cymmoo's Distillery.
 19412 | Snake:1  | Found Ygoulout's Armour Shoppe.
 19416 | Snake:1  | Bought a glowing broad axe for 168 gold pieces
 19416 | Snake:1  | Bought a dazzling spear for 192 gold pieces
 19416 | Snake:1  | Identified the +3 spear of the Firefly {drain, Fly rF+}
                  | (You bought it in a shop on level 1 of the Snake Pit)
 20002 | Snake:2  | Reached skill level 10 in Fighting
 20002 | Snake:2  | Reached XP level 16. HP: 116/125 MP: 13/26
 20413 | D:14     | Found a hide-covered altar of Uskayaw.
 21049 | D:15     | Entered Level 15 of the Dungeon
 21050 | D:15     | Found a transporter.
 21050 | D:15     | Found a transporter.
 21052 | D:15     | Found a broken altar of Ashenzari.
 21077 | D:15     | Found a gate leading to a gauntlet.
 21123 | Gauntlet | Entered a Gauntlet
 21123 | Gauntlet | Found a transporter.
 21123 | Gauntlet | Found a transporter.
 21123 | Gauntlet | Found a large runed translucent door.
 21123 | Gauntlet | Found a large runed translucent door.
 21123 | Gauntlet | Found a large runed translucent door.
 21123 | Gauntlet | Found a large runed translucent door.
 21123 | Gauntlet | Found a large runed translucent door.
 21123 | Gauntlet | Found a large runed translucent door.
 21123 | Gauntlet | Found a runed translucent door.
 21123 | Gauntlet | Found a runed translucent door.
 21123 | Gauntlet | Found a large runed translucent door.
 21123 | Gauntlet | Found a large runed translucent door.
 21123 | Gauntlet | Found a large runed translucent door.
 21123 | Gauntlet | Found a large runed translucent door.
 21123 | Gauntlet | Found a large runed translucent door.
 21123 | Gauntlet | Found a large runed translucent door.
 21128 | Gauntlet | Found a transporter.
 21144 | Gauntlet | Found a transporter.
 21162 | Gauntlet | Found a transporter.
 21176 | Gauntlet | Found a transporter.
 21181 | Gauntlet | Found the +2 cloak of the Thief {*Fog Slay-2 SInv Stlth+}
 21196 | Gauntlet | Found a transporter.
 21265 | Gauntlet | Found a large runed translucent door.
 21265 | Gauntlet | Found a large runed translucent door.
 21272 | Gauntlet | Found a transporter.
 21306 | Gauntlet | Identified the ring of Miuwe {rPois Will+}
 21349 | Gauntlet | Found a transporter.
 21398 | Gauntlet | Found a transporter.
 21399 | Gauntlet | Identified the +0 pair of boots "Duocaba" {Contam rPois
                  | Int+7 Dex-3}
 21419 | Gauntlet | Identified the +1 scale mail "Duedacir" {+Blink +Inv rN+++
                  | Str-5}
 21419 | Gauntlet | Identified the +0 kite shield of Lethargy {rF+}
 21496 | Gauntlet | Got the Volume of Interference
 21498 | Gauntlet | Identified the +1 pair of boots of Whack-A-Mole {Harm}
 21499 | Gauntlet | Got the Elucidation of the Goat
 21690 | D:15     | Noticed Taul's ghost (journeyman MiFi)
 22677 | Swamp:1  | Entered Level 1 of the Swamp
 22773 | Swamp:1  | Noticed a thorn hunter
 22796 | Swamp:1  | Killed a thorn hunter
 22975 | Swamp:1  | Noticed Kirke
 22988 | Swamp:1  | Killed Kirke
 23428 | Swamp:1  | Noticed Frances
 23442 | Swamp:1  | Killed Frances
 23698 | Swamp:2  | Found a transporter.
 23700 | Swamp:2  | Noticed a thorn hunter
 23709 | Swamp:2  | Noticed a tentacled monstrosity
 23713 | Swamp:2  | Found a transporter.
 23747 | Swamp:2  | Reached skill level 15 in Invocations
 24843 | Swamp:3  | Found a transporter.
 24844 | Swamp:3  | Found a transporter.
 24850 | Swamp:3  | Gained mutation: You are mostly covered in rugged brown
                  | scales. (AC +2, +5% HP) [demonic ancestry]
 24850 | Swamp:3  | Reached XP level 17. HP: 124/135 MP: 28/28
 24861 | Swamp:3  | Noticed Exa Ohi's ghost (adept DjCj)
 24985 | Swamp:3  | Found a sacrificial altar of Ru.
 25278 | Swamp:3  | Identified the +6 dagger of the Bruised Emperors {drain,
                  | rElec rC++}
 25279 | Swamp:3  | Found a one-way gate to the infinite horrors of the Abyss.
 25344 | Swamp:4  | Entered Level 4 of the Swamp
 25388 | Swamp:4  | Reached skill level 10 in Armour
 25491 | Swamp:4  | Noticed a tentacled monstrosity
 25504 | Swamp:4  | Killed a tentacled monstrosity
 26225 | Swamp:4  | Noticed a bone dragon
 26251 | Swamp:4  | Killed a bone dragon
 26285 | Swamp:4  | Got a decaying rune of Zot
 27081 | Snake:2  | Identified the +1 robe "Nakhlulo" {Str+2}
 28530 | Snake:3  | HP: 2/139 [nagaraja/bolt of poison (14)]
 28550 | Snake:3  | Reached XP level 18. HP: 60/145 MP: 29/29
 28825 | Snake:3  | Found a runed translucent door.
 29217 | Snake:4  | Entered Level 4 of the Snake Pit
 29354 | Snake:3  | Reached skill level 15 in Axes
 29412 | Snake:3  | Reached skill level 15 in Shields
 29540 | Snake:4  | Found Soll's Magic Scroll Shop.
 29543 | Snake:4  | Bought a scroll of brand weapon for 142 gold pieces
 29543 | Snake:4  | Bought a scroll of enchant weapon for 112 gold pieces
 29543 | Snake:4  | Bought a scroll of enchant weapon for 112 gold pieces
 30101 | Snake:4  | Found Tesorgh's Jewellery Shop.
 30102 | Snake:4  | Found Dijumula's Book Shoppe.
 30102 | Snake:4  | Found Bujod's Book Shoppe.
 30245 | Snake:4  | Got a serpentine rune of Zot
 30638 | Vaults:1 | Entered Level 1 of the Vaults
 30800 | Vaults:1 | Gained mutation: You are completely covered in rugged brown
                  | scales. (AC +3, +7% HP) [demonic ancestry]
 30800 | Vaults:1 | Reached XP level 19. HP: 110/158 MP: 31/31
 31476 | Vaults:1 | Identified the +10 dagger of the Lame Duck {freeze, rElec
                  | rPois rC+ MP-9}
 31568 | Vaults:1 | Reached skill level 1 in Short Blades
 31789 | Vaults:1 | Found a radiant altar of Vehumet.
 31798 | Vaults:1 | Identified the +2 hat of Bosijump {-Tele rC+ Will+}
 31912 | Vaults:2 | Found a staircase to the Crypt.
 31912 | Vaults:2 | Found a basalt altar of Yredelemnul.
 31912 | Vaults:2 | Found an ancient bone altar of Kikubaaqudgha.
 32135 | Vaults:2 | Identified the +8 mace of Corruption {flame, rElec rC++
                  | MP-9 Str-4}
 32265 | Vaults:2 | Found a runed translucent gate.
 32265 | Vaults:2 | Found a runed translucent gate.
 32265 | Vaults:2 | Found a runed translucent gate.
 32347 | Vaults:2 | Noticed Jory
 32393 | Vaults:2 | Killed from afar by Jory

Illustrated notes

Levels and vault maps discovered:
D:1:      ebering_trefoil_3fold, layout_basic, st_stairs_14, serial_bayou_ford_a
D:2:      layout_basic, hangedman_decor_growths, minmay_close_crescents
D:3:      layout_rooms, mainiacjoe_overflow_concentric_impassable,
          mainiacjoe_overflow_paths, shapermc_ecumenical_altar_acropolis,
          chequers_serial_rivers_micro_b
D:4:      layout_basic, riverfiend_overflow_shadow_ancestor,
          minmay_temple_entry_glass, uniq_sigmund
D:5:      layout_gridville
D:6:      layout_basic, xom_teletrap_fun, uniq_duvessa
D:7:      layout_loops_ring, enter_ossuary_3, roderic_batcave
D:8:      layout_layer_cave, minmay_lair_entry_grove, serial_shops,
          nicolae_lakefront_shop, serial_ice, serial_ice_o, serial_ice_d,
          serial_ice_k, serial_ice_a
D:9:      layout_loops_ring, nicolae_wwwww, uniq_maurice
D:10:     layout_irregular_city, led_sif_pool, uniq_snorg
D:11:     layout_basic, zombieorc2_lemuel, chequers_garden
D:12:     layout_basic, portal_ice_cave_entry_imps,
          chequers_serial_rivers_micro_e, minivault_28, uniq_rupert
D:13:     layout_basic, lightli_vaults_fourway_checkpoint, serial_corexii_hall,
          chequers_hall_statues_wall_a, chequers_hall_statues_wall_a
D:14:     layout_irregular_city, nicolae_uskayaw_dance_hall, ebering_ghost_xom,
          grunt_ministairs_12
D:15:     grunt_enter_depths_magical_seal, layout_basic, gauntlet_entry_generic,
          ashenzari_conservatory_becter, gammafunk_ghost_smash
Temple:   nicolae_temple_elliptical
Lair:1:   layout_big_grid, serial_bayou_pond_a
Lair:2:   layout_gridlike, basic_altar, uniq_amaemon
Lair:3:   layout_small_grid, swamp_mist, minmay_snake_entry_six_corridors,
          worms_lemuel, serial_bayou_shore_a
Lair:4:   layout_gridlike, nzn_random_ring, infiniplex_staircase_pool_2
Lair:5:   minmay_lair_end_enchanted_forest, layout_misc_corridors,
          dpeg_slime_entry_enclosed
Swamp:1:  layout_basic_swamp, evilmike_swamp_ruin_wall, swamp_pool2,
          nicolae_swamp_very_dense_foliage, infiniplex_staircase_pool,
          uniq_kirke, uniq_frances
Swamp:2:  gammafunk_sealed_arena, layout_basic_swamp, hangedman_swamp_ruin_wall
Swamp:3:  layout_falls_marsh, gammafunk_ghost_abyssal_escape, basic_altar,
          swamp_pool5, nicolae_swamp_stuck_in_the_mud
Swamp:4:  swamp_pestilence, layout_basic_swamp
Snake:1:  layout_grid_maze, basic_altar, nicolae_snake_guarding_the_ruins,
          minmay_shop_star, uniq_donald, uniq_nikola
Snake:2:  layout_honeycomb
Snake:3:  layout_gridlike, lightli_airlock
Snake:4:  grunt_snake_rune_pools, layout_onion_interference, serial_shops,
          nicolae_shop_rolled_up, guppyfry_snake_island, minmay_shop_grove
Orc:1:    layout_caves, serial_shops, nicolae_orc_sculptors_studio
Orc:2:    st_orc_ogre_mass, layout_caves, basic_altar, nicolae_orc_tapped_out,
          uniq_josephine
Vaults:1: ontoclasm_vaults_ring_square, nicolae_vaults_offset_grid_hallway_4,
          nicolae_vaults_layer_cake_slice, v_alt_pattern_6,
          vaults_dpeg_emergency_exit, ontoclasm_vaults_idyll,
          grunt_tower_of_power, nicolae_vaults_heart-shaped_vault, v_misc_28,
          nicolae_vaults_three_branches, vaults_room_grunt_arrival_ludios,
          nicolae_vaults_tangram_1, ontoclasm_vaults_claustrophobia, v_misc_29,
          layout_vaults_maze_bifur
Vaults:2: ploomutoo_gammafunk_ghost_potion_laboratory,
          nicolae_vaults_puzzle_piece, nicolae_vaults_two_Ls,
          nicolae_vaults_more_shelving_2, nicolae_vaults_trapezoid_1,
          minmay_crypt_entry_necro_gods, nicolae_vaults_little_squares_1,
          nicolae_vaults_alarming, nicolae_vaults_asterisk,
          nicolae_vaults_an_arrangement, vaults_room_corners,
          nicolae_vaults_apartment_1, nicolae_vaults_double_plus_3,
          layout_vaults_ring, serial_shops, shop, uniq_jory

Skill      XL: |  1  2  3  4  5  6  7  8  9 10 11 12 13 14 15 16 17 18 19 |
---------------+----------------------------------------------------------+-----
Polearms       | 3 4 |  4.8
Throwing       | 2 3 4 5 6 7 |  7.6
Dodging        | 3 4 |  4.2
Shields        | 1 2 3 4 5 6 7 9 10 11 12 13 14 15 | 15.7
Axes           | 2 3 4 5 6 7 9 11 12 13 14 15 16 | 16.8
Armour         | 1 2 3 4 5 6 7 8 9 10 11 | 11.3
Invocations    | 1 2 3 5 7 8 9 11 12 13 14 15 16 | 16.4
Evocations     | 1 2 3 5 6 7 |  7.3
Fighting       | 3 4 5 6 7 8 9 10 11 12 13 | 13.1
Ranged Weapons | 1 2 3 |  3.5
Stealth        | 2 3 4 5 |  5.5
Maces & Flails | 1 5 6 7 |  7.9
Short Blades   | 2 |  2.5

Action                     |  1- 3 |  4- 6 |  7- 9 | 10-12 | 13-15 | 16-18 | 19-21 || total
---------------------------+-------+-------+-------+-------+-------+-------+-------++-------
  Melee: Trident           |    87 |       |       |       |       |       |       ||    87
         Punch             |     1 |       |       |       |       |       |       ||     1
         Hand axe          |    88 |   175 |   647 |   451 |   264 |   253 |       ||  1878
         War axe           |       |    10 |       |   355 |   672 |   475 |    36 ||  1548
         Spear             |       |       |       |   118 |    33 |   152 |     2 ||   305
         Unarmed           |       |       |       |     4 |       |     3 |       ||     7
         Demon whip        |       |       |       |    88 |   788 |       |       ||   876
         Broad axe         |       |       |       |       |     6 |   851 |   262 ||  1119
   Fire: Sling             |       |       |    43 |     7 |    13 |    46 |       ||   109
  Throw: Stone             |       |     9 |    14 |       |       |       |       ||    23
         Dart              |       |    11 |    16 |    12 |    96 |    39 |    15 ||   189
         Boomerang         |       |       |     7 |    14 |    28 |   138 |    14 ||   201
         Javelin           |       |       |     1 |       |    22 |    19 |     4 ||    46
 Invoke: Minor Destruction |       |       |    23 |   155 |   148 |   121 |     9 ||   456
         Lesser Servant of |       |       |       |    12 |    14 |    19 |     3 ||    48
         Major Destruction |       |       |       |     1 |     6 |     1 |       ||     8
         Greater Servant o |       |       |       |     1 |     2 |     2 |     1 ||     6
  Evoke: Wand              |       |       |     4 |     4 |    17 |    78 |     2 ||   105
         Lightning rod     |       |       |       |       |       |    12 |       ||    12
         Phial of floods   |       |       |       |       |       |     1 |     1 ||     2
         Tin of tremorston |       |       |       |       |       |     2 |       ||     2
    Use: Scroll            |     2 |       |       |    11 |    15 |    12 |       ||    40
         Potion            |       |       |     1 |       |     1 |     6 |       ||     8
   Stab: Paralysed         |       |       |    14 |    25 |    12 |     3 |       ||    54
         Distracted        |       |       |       |     3 |     9 |    10 |     1 ||    23
         Invisible         |       |       |       |       |     3 |       |       ||     3
         Sleeping          |       |       |       |       |       |     1 |       ||     1
 Armour: Leather armour    |    10 |       |       |       |       |       |       ||    10
         Crystal plate arm |   119 |   160 |   362 |   885 |  1149 |  1045 |   180 ||  3900
         Skin              |       |       |       |     1 |       |       |       ||     1
         Swamp dragon scal |       |       |       |       |       |    81 |       ||    81
  Dodge: Dodged            |    33 |    10 |    25 |    91 |   171 |   320 |    60 ||   710
  Block: Tower shield      |    56 |   121 |   534 |  1086 |  1478 |       |       ||  3275
         Kite shield       |       |       |       |       |    72 |  1422 |   196 ||  1690
         Reflection        |       |       |       |       |     2 |   119 |    22 ||   143
